 Dungeon Crawl Stone Soup version 0.25.0-46-gbd7b0854d2 (webtiles) character file.

Game seed: 12327108944604495441

1047 Delamore the Fighter (level 8, -4/54 HPs)
             Began as a Gargoyle Fighter on July 12, 2020.
             Was an Initiate of Okawaru.
             Slain by a troll (9 damage)
             ... on level 6 of the Dungeon.
             The game lasted 00:06:13 (5475 turns).

Delamore the Fighter (Gargoyle Fighter)             Turns: 5475, Time: 00:06:14

Health: -4/54      AC: 14    Str: 21 (22) XL:     8   Next: 25%
Magic:  8/8        EV:  7    Int:  7 (9)  God:    Okawaru [......]
Gold:   444        SH:  8    Dex:  6 (9)  Spells: 7/7 levels left

rFire    . . .     SeeInvis .   t - +1 whip (elec)
rCold    . . .     Gourm    .   c - +0 kite shield
rNeg     + . .     Faith    .   b - +0 scale mail
rPois    ∞         Spirit   .   (no helmet)
rElec    +         Reflect  .   (no cloak)
rCorr    .         Harm     .   q - +1 pair of gloves
MR       .....                  (no boots)
Stlth    ..........             (no amulet)
HPRegen  0.18/turn              (no ring)
MPRegen  0.11/turn              (no ring)

@: brilliant
A: negative energy resistance 1, electricity resistance, unbreathing,
petrification resistance, rot immunity, AC +5
a: Renounce Religion


You were on level 6 of the Dungeon.
You worshipped Okawaru.
Okawaru was noncommittal.
You were not hungry.

You visited 1 branch of the dungeon, and saw 6 of its levels.
You also visited: Sewer.

You collected 444 gold pieces.

Inventory:

Hand Weapons
 a - a +0 flail
 t - a +1 whip of electrocution (weapon)
Missiles
 e - 50 poisoned darts (quivered)
 D - 4 curare-tipped darts
Armour
 b - a +0 scale mail (worn)
 c - a +0 kite shield (worn)
 q - a +1 pair of gloves (worn)
Wands
 l - a wand of clouds (3)
 n - a wand of disintegration (13)
Scrolls
 h - 7 scrolls of remove curse
 j - 3 scrolls of teleportation
 k - a scroll of noise
 o - a scroll of blinking
 r - a scroll of immolation
 u - a scroll of fear
 v - a scroll of amnesia
 w - a scroll of enchant armour
 y - a scroll of fog
Potions
 d - a potion of might
 g - a potion of brilliance
 i - a potion of degeneration
 m - a potion of berserk rage {unknown}
 s - 4 potions of curing {unknown}
 x - a potion of cancellation {unknown}
 A - a potion of mutation {unknown}
 B - 2 potions of lignification {unknown}
 C - a potion of heal wounds {unknown}
Comestibles
 f - 15 rations


   Skills:
 + Level 8.0 Fighting
 + Level 6.9 Maces & Flails
 - Level 3.2 Armour
 - Level 3.2 Shields


You had 7 spell levels left.
You didn't know any spells.
Your spell library was empty.

Dungeon Overview and Level Annotations

Branches:
Dungeon (6/15)             Temple (0/1) D:5           Sewer (visited)

Altars:
Dithmenos
Gozag
Makhleb
Okawaru
Qazlal
Wu Jian
The Shining One

Annotations:
D:3 2 runed translucent doors, dustbiter's ghost, amateur MfIE


Innate Abilities, Weirdness & Mutations

You are resistant to torment.
Your stone body is resilient. (AC +5)
You are immune to poison.
You resist negative energy. (rN+)
You are resistant to electric shocks. (rElec)
You can survive without breathing.
You are immune to petrification.
You are immune to rotting.


Message History

You hit the troll but do no damage.
The troll is moderately wounded.
The troll barely misses you. The troll claws you but does no damage.
The troll claws you!
You hit the troll.
The troll is heavily wounded.
The troll bites you. The troll claws you.
* * * LOW HITPOINT WARNING * * *
The troll claws you!
* * * LOW HITPOINT WARNING * * *
It was a potion of brilliance.
You feel clever all of a sudden. You block the troll's attack.
The troll claws you.
* * * LOW HITPOINT WARNING * * *
The troll claws you but does no damage.
It was a potion of degeneration.
There was something very wrong with that liquid.
You feel weakened.
You feel dopey.
You feel clumsy. The troll bites you!
You die...

.#..... #................#..#
......# #......#...#..#.## ..
..###.###.......#....#.##
...##.##...........#..##
...#...#.............##..##
......)............###....##..
...#.#...........#.# .....)c..
...###...........#c##........
.....#.........#@Trr##.......##
#.....#.....#..###s.##....# ..##.
......!...###..###........# ...#.
#......<.#......#....(...###.....
.........#............(..........
.................................
###.............>................
.⌠##.#....................≈≈≈....
...#####.................≈≈≈≈≈...


You could see a troll, a centaur, a river rat, a giant cockroach and a rat.

Vanquished Creatures
  Sigmund (D:4)
  A phantom (D:4)
  An ogre (D:4)
  A crocodile (Sewer)
  A bullfrog (D:4)
  A wyvern skeleton (D:6)
  A crimson imp (D:6)
  A quasit (D:5)
  A jelly (D:6)
  An orc priest (D:5)
  2 orc wizards
  4 worker ants
  A hound zombie (D:5)
  4 gnolls (D:4)
  5 adders
  A shadow imp (D:6)
  An ooze (D:1)
  An adder zombie (D:6)
  An adder skeleton (D:6)
  A worm (D:3)
  3 dart slugs
  2 leopard geckos
  20 orcs
  2 ball pythons
  12 bats
  4 giant cockroaches
  14 goblins
  15 hobgoblins
  8 jackals (D:3)
  4 frilled lizards
  9 kobolds
  A quokka skeleton (D:5)
  4 rats
129 creatures vanquished.

Vanquished Creatures (others)
  5 toadstools (D:2)
5 creatures vanquished.

Grand Total: 134 creatures vanquished

Notes
Turn   | Place    | Note
-------+----------+-------------------------------------------
     0 | D:1      | Delamore the Gargoyle Fighter began the quest for the Orb.
     0 | D:1      | Reached XP level 1. HP: 14/14 MP: 1/1
   270 | D:1      | Reached XP level 2. HP: 19/19 MP: 2/2
   572 | D:1      | Reached XP level 3. HP: 24/24 MP: 3/3
   867 | D:2      | Reached skill level 4 in Fighting
  1843 | D:3      | Reached XP level 4. HP: 28/30 MP: 4/4
  1916 | D:3      | Reached XP level 5. HP: 20/34 MP: 5/5
  1971 | D:3      | Found a shadowy altar of Dithmenos.
  2041 | D:3      | Reached skill level 5 in Fighting
  2471 | D:3      | Found a stormy altar of Qazlal.
  2603 | D:3      | Found a large runed translucent door.
  2603 | D:3      | Found a large runed translucent door.
  2613 | D:3      | Noticed dustbiter's ghost (amateur MfIE)
  2690 | D:4      | Reached XP level 6. HP: 33/40 MP: 6/6
  2904 | D:4      | Noticed Sigmund
  2945 | D:4      | Reached skill level 6 in Fighting
  3327 | D:4      | Killed Sigmund
  3327 | D:4      | Reached skill level 5 in Maces & Flails
  3327 | D:4      | Reached XP level 7. HP: 41/47 MP: 7/7
  3503 | D:4      | Found an opulent altar of Gozag.
  3504 | D:4      | Found a glowing golden altar of the Shining One.
  3837 | D:4      | Reached skill level 7 in Fighting
  3852 | D:4      | You fall into a shaft and drop 1 floor!
  3852 | D:5      | Entered Level 5 of the Dungeon
  4135 | D:4      | Found a burning altar of Makhleb.
  4135 | D:4      | Found an ornate altar of the Wu Jian Council.
  4443 | D:5      | Found a staircase to the Ecumenical Temple.
  4777 | D:5      | Found an iron altar of Okawaru.
  4796 | D:5      | Became a worshipper of Warmaster Okawaru
  4911 | D:6      | Reached XP level 8. HP: 53/54 MP: 8/8
  5348 | D:6      | Found a glowing drain.
  5348 | D:6      | Noticed a troll
  5359 | Sewer    | Entered a sewer
  5405 | Sewer    | Reached skill level 8 in Fighting
  5475 | D:6      | Slain by a troll

Illustrated notes

Levels and vault maps discovered:
D:1:      sevenhm_arrival_forest_fort_large_2, layout_basic, minmay_tromino_v4_b
D:2:      layout_loops_corners, minmay_gold_behind_fungi
D:3:      cheibrodos_greedy_goblins, layout_rooms,
          nicolae_dithmenos_shadow_blocks, ebering_ghost_disaster_area,
          first_ration, grunt_qazlal_clouds
D:4:      layout_basic, gammafunk_temple_overflow_statue,
          gammafunk_temple_overflow_elements, uniq_sigmund
D:5:      layout_loops_ring, okawaru_altar_gauntlet_db, temple_hall,
          kennysheep_generic_room_14
D:6:      layout_cave_pools, kennysheep_little_box, fedhas_altar_4,
          portal_sewer_entry_a, kennysheep_donut, hangedman_decor_opposing,
          minmay_misc_feat_four_crosses

Skill      XL: |  1  2  3  4  5  6  7  8 |
---------------+-------------------------+-----
Fighting       | 4 5 6 7 8 |  8.0
Maces & Flails | 3 4 5 6 |  6.9
Armour         | |  3.2
Shields        | |  3.2

Action                   |  1- 3 |  4- 6 |  7- 9 || total
-------------------------+-------+-------+-------++-------
Melee: Flail             |   148 |   216 |    91 ||   455
       Whip              |       |       |   114 ||   114
Throw: Dart              |       |    10 |     4 ||    14
  Use: Scroll            |       |       |     9 ||     9
       Potion            |       |       |     2 ||     2
  Eat: Chunk             |     3 |     4 |     5 ||    12
       Ration            |       |     1 |       ||     1
Armor: Scale mail        |    75 |   115 |   110 ||   300
Dodge: Dodged            |    53 |    75 |    66 ||   194
Block: Kite shield       |    77 |   113 |   118 ||   308
